 Dungeon Crawl Stone Soup version 0.18-a0-1413-g4eaa9ac (webtiles) character file.

101 Ijustatesigmund the Changer (level 4, -2/30 HPs)
             Began as an Octopode Transmuter on Feb 24, 2016.
             Was an Initiate of Cheibriados.
             Slain by a gnoll
             ... wielding a cursed +0 spear
              (9 damage)
             ... on level 2 of the Dungeon on Feb 25, 2016.
             The game lasted 00:11:05 (2246 turns).

Ijustatesigmund the Changer (Octopode Transmuter)   Turns: 2246, Time: 00:11:06

Health: -2/30      AC:  1    Str: 11    XL:     4   Next: 75%
Magic:  11/16      EV: 12    Int: 16    God:    Cheibriados [......]
Gold:   127        SH:  0    Dex: 13    Spells: 3 memorised, 1 level left

rFire  . . .     SeeInvis .       - Unarmed
rCold  . . .     Gourm    .     (no shield)
rNeg   . . .     Faith    .     (helmet restricted)
rPois  +         Spirit   .     (no amulet)
rElec  .         Dismiss  .     e - ring of magical power
rCorr  .         Reflect  .     d - ring of poison resistance
SustAt .         Harm     .     (no ring)
MR     .....                    (no ring)
Stlth  ++........               (no ring)
                                (no ring)
                                (no ring)
                                (no ring)

@: appendage, very slightly contaminated, slow, not resistant to hostile
enchantments, unstealthy
A: almost no armour, amphibious, 8 rings, constrict 8, tentacle spike 3,
camouflage 1, gelatinous body 1
a: End Transformation, Bend Time, Renounce Religion


You were on level 2 of the Dungeon.
You worshipped Cheibriados.
Cheibriados was noncommittal.
You were not hungry.
One of your tentacles had a temporary spike.
You visited 1 branch of the dungeon, and saw 3 of its levels.

You collected 127 gold pieces.

Inventory:

Hand Weapons
 h - a +0 blowgun
Missiles
 a - 10 arrows
 f - 15 arrows of dispersal
 k - 8 poisoned needles
Jewellery
 d - a ring of poison resistance (right tentacle)
 e - a ring of magical power (left tentacle)
Potions
 j - a potion of lignification
Books
 b - a book of Changes

   Spells                             Type                      Level
   a - Beastly Appendage              Transmutation                1
   b - Sticks to Snakes               Transmutation                2
   c - Spider Form                    Transmutation/Poison         3
   d - Ice Form                       Ice/Transmutation            4
   e - Blade Hands                    Transmutation                5
 g - a Fen Folio

   Spells                             Type                      Level
   a - Corpse Rot                     Necromancy                   2
   b - Stone Arrow                    Conjuration/Earth            3
   c - Leda's Liquefaction            Hexes/Earth                  4
   d - Summon Forest                  Summoning/Translocation      5
   e - Hydra Form                     Transmutation                6
   f - Summon Hydra                   Summoning                    7
Comestibles
 c - 3 bread rations
 i - a meat ration


   Skills:
 + Level 2.9 Fighting
 - Level 2.0 Dodging
 - Level 3.0 Unarmed Combat
 - Level 2.0 Spellcasting
 + Level 3.4 Transmutations
 + Level 1.6 Poison Magic


You had one spell level left.
You knew the following spells:

 Your Spells              Type           Power        Failure   Level  Hunger
a - Beastly Appendage     Trmt           ##....       8%          1    #......
b - Sticks to Snakes      Trmt           ##......     10%         2    ###....
c - Spider Form           Trmt/Pois      #.........   21%         3    ###....


Dungeon Overview and Level Annotations

Branches:
Dungeon (3/15)

Altars:
Cheibriados
Dithmenos
Elyvilon
Fedhas
Okawaru

Annotations:
D:2 Ijyb
D:3 Azzok's ghost, amateur DrTm


Innate Abilities, Weirdness & Mutations

You cannot wear most types of armour.
You are amphibious.
You can wear up to eight rings at the same time.
You can use your tentacles to constrict eight enemies at once.
Your skin changes colour to match your surroundings (Stealth).
Your rubbery body absorbs attacks (AC +1).
One of your tentacles bears a large vicious spike.


Message History

t - Shout!
Orders for allies: a - Attack new target. r - Retreat! s - Stop attacking. w - Wait here. f - Follow me.
Anything else - Stay silent.
Gang up on whom?
Press: ? - help, Dir - move target cursor, f - gnoll
Aim: a gnoll, wielding a spear and wearing a scale mail Attack!
The gnoll hits you but does no damage.
Your ball python closely misses the gnoll.
Your ball python grabs the gnoll.
Your ball python constricts the gnoll.
The gnoll hits your ball python with a spear.
Your ball python dies!
The gnoll closely misses you.
You closely miss the gnoll. Your grab misses the gnoll.
You pierce the gnoll, but do no damage.
The gnoll hits you with a spear!
* * * LOW HITPOINT WARNING * * *
You closely miss the gnoll. You grab the gnoll. You constrict the gnoll.
The gnoll hits you with a spear!
You die...

#.### #.##.# ..#
#.##.# #.# #.##.#
. #####.#####)##.#
. #..............#
#
....###.#####.####
# #.# #.# #.# #.#
#@# #.# ##g### #.#
#..>.# #.# #)##.#
#.# .'. .# #.#
..8## .# ....# .#
..8# .# ..# .#


You could see a gnoll.

Vanquished Creatures
  3 gnolls (D:2)
  4 adders
  3 dart slugs
  2 giant geckos (D:2)
  4 bats
  2 giant cockroaches
  2 hobgoblins (D:2)
  A quokka (D:2)
  A giant newt (D:2)
  3 goblins (D:1)
  7 kobolds
  3 rats
35 creatures vanquished.

Notes
Turn   | Place    | Note
--------------------------------------------------------------
     0 | D:1      | Ijustatesigmund the Octopode Transmuter began the quest for the Orb.
     0 | D:1      | Reached XP level 1. HP: 13/13 MP: 3/3
   383 | D:1      | Reached XP level 2. HP: 15/18 MP: 3/5
   583 | D:1      | Upgraded the game from 0.18-a0-1405-g73f4075 to 0.18-a0-1413-g4eaa9ac
   915 | D:2      | Reached XP level 3. HP: 20/24 MP: 6/6
  1043 | D:2      | Learned a level 2 spell: Sticks to Snakes
  1047 | D:2      | Learned a level 3 spell: Spider Form
  1100 | D:2      | Noticed Ijyb
  1136 | D:2      | Found a white marble altar of Elyvilon.
  1203 | D:2      | Found a faded altar to an unknown god.
  1205 | D:2      | Reached skill level 1 in Poison Magic
  1205 | D:2      | Reached XP level 4. HP: 4/30 MP: 7/7
  1567 | D:3      | Noticed Azzok's ghost (amateur DrTm)
  1796 | D:2      | Found a shadowy altar of Dithmenos.
  1947 | D:3      | Found a blossoming altar of Fedhas.
  1999 | D:3      | Found a snail-covered altar of Cheibriados.
  2004 | D:3      | Became a worshipper of Cheibriados the Contemplative
  2151 | D:3      | Found an iron altar of Okawaru.
  2246 | D:2      | Slain by a gnoll

Vault maps used:
D:1:      dpeg_arrival_snail
D:2:      elyvilon_altar_5, gammafunk_temple_overflow_statue,
          ecumenical_altar_1, dk_noncrumbling_4, grunt_dithmenos_smoke,
          uniq_iyjb
D:3:      cheibriados_altar_1, fedhas_altar_2, okawaru_gym_becter,
          moated_statue, minmay_misc_feat_square, tso_metal_star

Skill      XL: |  1  2  3 |
---------------+----------+-----
Fighting       | 2 |  2.9
Transmutations | 3 |  3.4
Poison Magic   | 1 |  1.6
Dodging        | |  2.0
Unarmed Combat | |  3.0
Spellcasting   | |  2.0

Action                   |  1- 3 |  4- 6 || total
-------------------------+-------+-------++-------
Melee: Unarmed           |    53 |    41 ||    94
 Fire: Blowgun           |       |     4 ||     4
 Cast: Beastly Appendage |     4 |     3 ||     7
       Spider Form       |     2 |       ||     2
       Sticks to Snakes  |       |     2 ||     2
  Use: Scroll            |     6 |     2 ||     8
       Potion            |     2 |       ||     2
 Stab: Sleeping          |     4 |     1 ||     5
  Eat: Chunk             |     1 |     2 ||     3
       Meat ration       |       |     1 ||     1
